 Dungeon Crawl Stone Soup version 0.20-a0-622-g01f5896 (webtiles) character file.

678686 seren the Slayer (level 27, -13/282 HPs)
             Began as a Deep Dwarf Fighter on Feb 4, 2017.
             Was the Champion of Makhleb.
             Mangled by Sarivvyu the pandemonium lord (22 damage)
             ... on level 3 of the Realm of Zot on Feb 9, 2017.
             The game lasted 09:15:07 (79386 turns).

seren the Slayer (Deep Dwarf Fighter)              Turns: 79386, Time: 09:15:08

Health: -13/282    AC: 38    Str: 36    XL:     27
Magic:  6/8        EV: 16    Int: 16    God:    Makhleb [******]
Gold:   6089       SH: 24    Dex: 13    Spells: 27/40 levels left

rFire    + . .     SeeInvis .   m - +3 war axe (antimagic)
rCold    . . .     Gourm    .   i - +8 orange crystal plate armour {Archmagi, Int+3 Clar}
rNeg     + . .     Faith    .   L - +5 shield "Holuukku" {rElec}
rPois    .         Spirit   .   j - +2 hat {MR+}
rElec    +         Reflect  +   f - +2 cloak {rC+}
rCorr    .         Harm     .   E - +2 pair of gloves {Dex+3}
MR       +++++     Clarity  +   z - +2 pair of boots {run}
Stlth    ..........             u - amulet of Ipneir {Reflect +Fly Str+4 SH+3}
Regen    0.0/turn               D - ring of fire
                                K - ring of the Eight Curses {Wiz Str+4 Int+3}

@: lethally poisoned (-13 -> -29), corroded, very slightly contaminated,
non-regenerating, hasted and slowed, quick
A: damage resistance, heal wounds, talons 1, berserk 1, blurry vision 1, clumsy
2, deformed body, dopey 1, low mp 1, negative energy resistance 1, sense
surroundings 3, slow regeneration 3, MP-powered wands
0: Orb of Zot
}: 3/15 runes: barnacled, silver, gossamer
a: Heal Wounds, Minor Destruction, Lesser Servant of Makhleb, Major Destruction,
Greater Servant of Makhleb, Renounce Religion, Evoke Flight


You were on level 3 of the Realm of Zot.
You worshipped Makhleb.
Makhleb was exalted by your worship.
You were full.

You visited 12 branches of the dungeon, and saw 54 of its levels.
You visited the Abyss 1 time.
You also visited: Ice Cave and Volcano.

You collected 7804 gold pieces.
You spent 1715 gold pieces at shops.

Inventory:

Hand Weapons
 a - a +7 broad axe of electrocution
 c - a +1 hand crossbow of velocity
 m - a +3 antimagic war axe (weapon)
 y - the +11 broad axe of the Silent Majority {pain, MP+9}
   (You found it on level 5 of the Depths)

   In the hands of one skilled in necromantic magic, it inflicts extra damage on
   living creatures.
   It affects your magic capacity (+9).
Missiles
 p - 1173 bolts
 U - 7 throwing nets (quivered)
Armour
 f - a +2 cloak of cold resistance (worn)
 i - the +8 orange crystal plate armour (worn) {Archmagi, Int+3 Clar}
   (You found it on level 3 of the Depths)

   It affects your intelligence (+3).
   It protects you against confusion.
 j - a +2 hat of magic resistance (worn)
 z - a +2 pair of boots of running (worn)
 E - a +2 pair of gloves of dexterity (worn)
 L - the +5 shield "Holuukku" (worn) {rElec}
   (You found it on level 4 of the Depths)

   It insulates you from electricity.
Jewellery
 b - a +4 ring of slaying
 g - the ring of the Queen {rPois rN+}
   (You took it off a vampire mage on level 3 of the Crypt)

   [ring of positive energy]

   It protects you from poison.
   It protects you from negative energy.
 u - the amulet of Ipneir (around neck) {Reflect +Fly Str+4 SH+3}
   (You took it off a vault guard on level 5 of the Vaults)

   [amulet of reflection]

   It shields you and reflects attacks.
   It affects your strength (+4).
   It lets you fly.
   It affects your SH (+3).
 v - an uncursed ring of positive energy
 D - a ring of fire (right hand)
 I - an uncursed ring of resist corrosion
 K - the ring of the Eight Curses (left hand) {Wiz Str+4 Int+3}
   (You found it on level 3 of the Depths)

   [ring of wizardry]

   It improves your spell success rate.
   It affects your strength (+4).
   It affects your intelligence (+3).
 N - an uncursed ring of protection from cold
 P - the ring "Ceruofame" {rElec rN+ Int-5 SInv}
   (You took it off a vampire on level 3 of the Crypt)

   [ring of positive energy]

   It affects your intelligence (-5).
   It insulates you from electricity.
   It protects you from negative energy.
   It lets you see invisible.
Wands
 M - a wand of disintegration (13/24)
 Q - a wand of digging (24/24)
 Y - a wand of iceblast (8/15)
Scrolls
 d - 13 scrolls of remove curse
 e - 11 scrolls of fear
 l - 2 scrolls of holy word
 n - 6 scrolls of teleportation
 r - 5 scrolls of fog
 w - 32 scrolls of identify
 x - 4 scrolls of blinking
 F - 6 scrolls of recharging
 O - a scroll of silence
Potions
 t - a potion of resistance
 A - 2 potions of invisibility
 C - 2 potions of heal wounds
 G - 11 potions of curing
 S - a potion of berserk rage
 W - 3 potions of agility
 Z - 4 potions of cancellation
Miscellaneous
 s - a fan of gales
 B - a lamp of fire
 J - a phial of floods
 R - 2 phantom mirrors
 T - a lightning rod (3/4)
Comestibles
 h - 13 meat rations
 k - 16 fruits
 o - 20 bread rations


   Skills:
 - Level 23.0 Fighting
 - Level 22.8 Axes
 - Level 14.0 Crossbows
 - Level 21.0 Armour
 - Level 15.2 Dodging
 - Level 15.6 Shields
 - Level 7.4 Spellcasting
 - Level 16.1 Necromancy
 - Level 16.0 Invocations
 + Level 22.7 Evocations


You had 27 spell levels left.
You knew the following spells:

 Your Spells              Type           Power        Failure   Level  Hunger
a - Animate Skeleton      Necr           N/A          1%          1    None
c - Animate Dead          Necr           N/A          1%          4    ####...
d - Agony                 Necr           ######..     1%          5    #####..
v - Vampiric Draining     Necr           ######....   1%          3    ##.....


Dungeon Overview and Level Annotations

Branches:
Dungeon (15/15)            Temple (1/1) D:7            Lair (6/6) D:11
 Shoals (4/4) Lair:2       Spider (4/4) Lair:3        Slime (0/5) Lair:5
    Orc (2/2) D:9             Elf (3/3) Orc:2        Vaults (5/5) D:14
  Crypt (3/3) Vaults:3       Tomb (1/3) Crypt:3      Depths (5/5) D:15
    Zot (5/5) Depths:5

Altars:
Ashenzari
Cheibriados
Dithmenos
Elyvilon
Fedhas
Gozag
Hepliaklqana
Kikubaaqudgha
Makhleb
Nemelex Xobeh
Okawaru
Qazlal
Ru
Sif Muna
Trog
Uskayaw
Vehumet
Xom
Yredelemnul
Zin
The Shining One
Beogh
Lugonu

Shops:
D:4 %   D:7 *   D:8 !   Orc:1 }   Orc:2 [(!!   Vaults:2 [   Depths:1 (

Portals:
Hell: Depths:1 Depths:2 Depths:3 Depths:4 Depths:5
Abyss: Crypt:2 Depths:2 Depths:4
Pandemonium: Depths:3 Depths:4
Ziggurat: Depths:2
Trove: D:10 (give +3 shadow dragon scales)

Annotations:
D:14 wizard
Vaults:1 exclusion: downstairs
Depths:2 exclusions: 2 Tzitzimimeh, 3 ancient liches and 2 more exclusions


Innate Abilities, Weirdness & Mutations

You are resistant to damage.
You can heal yourself by infusing magical energy.
You resist negative energy. (rN+)
You passively map a large area around you.
You do not regenerate.
You have sharp toenails.
You tend to lose your temper in combat.
Scrolls take you a little longer to read.
You are very clumsy. (Dex -4)
Armour fits poorly on your strangely shaped body.
You are dopey. (Int -2)
Your magical capacity is low. (-10% MP)
You expend magic power (3 MP) to strengthen your wands.


Message History

You block the yellow draconian's attack.
The white draconian monk breathes frost at you.
The chilling blast hits you!
* * * LOW HITPOINT WARNING * * *
Sarivvyu completely misses you.
You barely miss the white draconian monk.
The white draconian monk is severely wounded.
You hit the Orb Guardian. You completely miss Sarivvyu.
You slice the yellow draconian!! You block the Orb Guardian's attack.
Sarivvyu hits you!!
* * * LOW HITPOINT WARNING * * *
You are lethally poisoned!
The yellow draconian misses you.
You completely miss the white draconian monk.
The white draconian monk is severely wounded.
You barely miss the Orb Guardian. You completely miss Sarivvyu.
Your orange crystal plate armour prevents you from hitting the yellow draconian.
* * * LOW HITPOINT WARNING * * *
You feel sick. You block the Orb Guardian's attack. Sarivvyu hits you!!
You die...

................)...>............
.................................
.................................
,................................
,,............###................
,,............#.#................
*,.)..........#..................
**............#..................
,*#.........[..&@................
,,#..........).dqX...............
,,#.......####................###
,,##......#*#.#.##.......,,,##*
*,#.....####d##$.#######.,,**
,*#...##**...##...# **,,##
,+,,,,***..#*#....## **,.#
,**,,***..#,*#.....## *,.##
*,*,,**,.#*,*#.....d## **..#


You could see Sarivvyu, a white draconian monk, a black draconian, a yellow
draconian and an Orb Guardian.

Vanquished Creatures
  5 ancient liches
  4 orbs of fire
  A juggernaut (Depths:5)
  Mara (Depths:2)
  A greater mummy (Tomb:1)
  The ghost of ololoev the Bewitcher, a legendary HaFE of Ashenzari (Crypt:3)
  Boris (twice) (Vaults:2 Depths:5)
  5 Killer Klowns (Zot:5)
  Saint Roka (Crypt:1)
  Margery (Vaults:4)
  A curse toe (Crypt:3)
  Bai Suzhen (Crypt:2)
  4 golden dragons
  2 bone dragons
  Nikola (Vaults:2)
  A Tzitzimitl (Zot:3)
  3 liches
  An electric golem (Zot:5)
  12 tentacled monstrosities
  3 deep elf master archers (Elf:3)
  Asterion (Elf:3)
  25 Orb Guardians (Zot:5)
  6 titans
  The ghost of prestonbroadus the Blocker, an adept OpVM of Uskayaw (Shoals:2)
  6 deep elf blademasters
  6 acid blobs (Depths:5)
  2 krakens (Shoals:2)
  11 sphinxes
  2 quicksilver dragons
  A tentacled starspawn (Abyss:3)
  3 death cobs
  11 ancient champions
  Gastronok (Lair:3)
  3 draconian monks
  12 storm dragons
  Donald (Shoals:1)
  4 tengu reavers
  A shadow dragon (shapeshifter) (Depths:3)
  9 shadow dragons
  7 fire giants
  3 revenants (Crypt:3)
  5 azure jellies (Depths:5)
  Ilsuiw (Shoals:4)
  6 draconian scorchers
  7 deep elf sorcerers
  10 frost giants
  9 vault wardens
  An orc warlord (Orc:2)
  5 emperor scorpions
  4 draconian knights
  Aizul (Lair:3)
  8 ghost moths
  4 draconian shifters
  Louise (Elf:2)
  7 deep elf elementalists
  3 curse skulls
  5 draconian stormcallers
  8 draconian annihilators
  19 ironheart preservers
  3 spriggan defenders (Depths:4)
  13 ghouls
  17 very ugly things
  2 reapers
  A stone giant (shapeshifter) (Depths:3)
  13 stone giants
  5 entropy weavers
  2 war gargoyles
  4 deep elf demonologists
  An entropy weaver (shapeshifter) (Depths:3)
  7 green draconians
  6 vampire knights
  8 white draconians
  2 bennus (Tomb:1)
  11 black draconians
  7 yellow draconians
  8 deep elf annihilators
  Azrael (Orc:2)
  10 red draconians
  5 spark wasps
  6 purple draconians
  A green death (Depths:4)
  11 deep elf death magi
  A merfolk javelineer (Shoals:4)
  A blizzard demon (Depths:3)
  3 eidola
  8 ettins
  Snorg (Lair:4)
  10 crystal guardians
  12 merfolk impalers
  5 death oozes (Depths:5)
  10 yaktaur captains
  17 fire dragons
  3 mummy priests
  9 jiangshi
  3 deep elf high priests
  Josephine (Lair:6)
  Fannar (Lair:2)
  7 great orbs of eyes
  10 ice dragons
  3 rakshasas
  9 hydras
  28 vault guards
  7 centaur warriors
  4 catoblepae
  4 merfolk avatars
  A hell beast (Depths:5)
  41 two-headed ogres
  2 death yaks (Lair:4)
  12 ogre magi
  Erolcha (D:9)
  2 tengu warriors
  44 dancing weapons
  6 satyrs
  A two-headed ogre (shapeshifter) (Vaults:5)
  4 merfolk aquamancers
  3 alligator snapping turtles (Shoals:4)
  6 death knights
  5 deep troll earth magi
  3 deep troll shamans
  The ghost of kidcy the Covert, a novice DsMo of Ru (IceCv)
  5 death scarabs (Tomb:1)
  12 vampire magi
  6 thrashing horrors (Abyss:3)
  3 spriggan berserkers (Depths:5)
  3 wretched stars (Abyss:3)
  5 shadow wraiths
  2 storm dragon zombies (Crypt:3)
  18 deep elf knights
  Sonja (Lair:2)
  A fire crab (shapeshifter) (D:15)
  47 skeletal warriors
  4 soul eaters
  A spatial maelstrom (Abyss:3)
  25 deep trolls
  11 hell knights
  5 unseen horrors
  20 sea snakes
  A sixfirhy (Abyss:3)
  2 iron trolls
  2 anaconda zombies
  9 glowing orange brains
  A shadow dragon zombie (Crypt:2)
  A glowing orange brain (shapeshifter) (Vaults:5)
  A shadow demon (Zot:3)
  11 flayed ghosts
  7 wizards
  4 obsidian statues (Depths:3)
  20 deep elf archers
  16 ironbrand convokers
  9 phantasmal warriors
  A deep troll (shapeshifter) (Depths:3)
  Pikel (D:8)
  A kraken simulacrum (Shoals:4)
  3 wolf spider zombies (Crypt:3)
  An iron dragon zombie (Crypt:3)
  64 deep elf magi
  A stone giant zombie (Vaults:5)
  27 orb spiders
  42 ugly things
  13 harpies
  2 harpies (shapeshifter)
  7 necromancers
  3 oklob plants
  16 orc knights
  17 fauns
  3 orc sorcerers
  13 cyclopes
  A moth of wrath (shapeshifter) (Depths:4)
  35 wolf spiders
  16 manticores
  14 moths of wrath
  An elephant (shapeshifter) (Vaults:5)
  2 ice statues (IceCv)
  2 fire giant skeletons (Crypt:3)
  14 vault sentinels
  A rust devil (Abyss:3)
  Joseph (D:8)
  A black mamba (shapeshifter) (Depths:2)
  An apocalypse crab (Abyss:3)
  3 elephants
  5 smoke demons
  8 black mambas
  A frost giant skeleton (Vaults:5)
  13 merfolk sirens
  An eye of devastation (Lair:5)
  5 gargoyles
  2 titan simulacra
  A torpor snail (Lair:4)
  9 water nymphs
  2 molten gargoyles (Depths:3)
  An orange demon (Abyss:3)
  A human zombie (Vaults:5)
  A spiny frog (shapeshifter) (Vaults:4)
  A shock serpent skeleton (Crypt:1)
  25 spiny frogs
  A catoblepas zombie (Crypt:3)
  8 komodo dragons
  12 demonic crawlers
  22 yaktaurs
  An elephant slug zombie (Crypt:3)
  3 rime drakes
  14 freezing wraiths
  2 efreet
  A komodo dragon (shapeshifter) (Depths:4)
  A tormentor (Abyss:3)
  6 starcursed masses (Abyss:3)
  12 guardian mummies
  7 trolls
  14 ice devils
  5 hellwings (Zot:5)
  A red devil (Depths:5)
  38 merfolk
  A tengu conjurer (Depths:4)
  A catoblepas skeleton (Crypt:2)
  3 ancient zymes (Abyss:3)
  A merfolk (shapeshifter) (Depths:3)
  A hornet (shapeshifter) (Vaults:1)
  5 tyrant leeches (Lair:6)
  2 pale draconian skeletons
  A jumping spider (shapeshifter) (Vaults:3)
  2 polar bears
  35 jumping spiders
  A polar bear (shapeshifter) (Depths:3)
  9 snapping turtles
  12 wind drakes
  20 hornets
  13 blink frogs
  A hippogriff (shapeshifter) (Vaults:5)
  44 slime creatures
  2 ettin zombies (Crypt:3)
  2 hydra skeletons
  8 raiju
  A slime creature (shapeshifter) (Vaults:4)
  2 bog bodies (Crypt:3)
  A fire dragon zombie (Crypt:3)
  A raiju (shapeshifter) (Vaults:1)
  19 dream sheep
  2 stone giant simulacra
  A black mamba zombie (Crypt:2)
  2 dream sheep (shapeshifter)
  14 hippogriffs
  An alligator zombie (Crypt:3)
  2 redbacks (shapeshifter)
  A shadow (D:13)
  Sigmund (D:2)
  15 fire elementals
  81 redbacks
  49 yaks
  30 tarantellas
  6 air elementals
  7 small abominations
  5 large abominations
  8 spriggans
  4 vampires
  2 ynoxinuls (Abyss:3)
  A spriggan (shapeshifter) (Vaults:2)
  23 water elementals
  A wyvern (shapeshifter) (D:12)
  A basilisk (shapeshifter) (Vaults:2)
  10 wraiths
  A black mamba skeleton (Crypt:3)
  9 fire bats (Volcano)
  3 wyverns
  A steam dragon (shapeshifter) (Depths:3)
  2 ushabtiu (Tomb:1)
  10 vampire mosquitoes
  5 basilisks
  An elf skeleton (Vaults:5)
  A steam dragon (D:12)
  A wind drake skeleton (Crypt:1)
  A hog (shapeshifter) (Vaults:3)
  A chaos spawn (Depths:4)
  A torturous demonspawn zombie (Crypt:1)
  A catoblepas simulacrum (Crypt:3)
  3 hungry ghosts
  Menkaure (D:6)
  A human simulacrum (Vaults:2)
  4 wargs
  A faun zombie (Crypt:1)
  4 insubstantial wisps
  2 spatial vortices (Abyss:3)
  3 acid dragons
  A soldier ant (shapeshifter) (Vaults:1)
  3 hell hounds
  An orb spider zombie (Crypt:3)
  13 water moccasins
  14 two-headed ogre zombies (D:9)
  5 porcupines
  A swamp drake (D:9)
  A fire dragon simulacrum (Crypt:3)
  3 sky beasts
  2 ice beasts (D:7)
  3 ettin simulacra (Crypt:3)
  A manticore zombie (Crypt:3)
  2 black bears
  46 orc warriors
  5 necrophages
  52 ogres
  14 boggarts
  3 phantoms
  A lindwurm zombie (Crypt:1)
  2 eyes of draining
  A snapping turtle skeleton (Crypt:2)
  4 wolves (Lair:2)
  27 centaurs
  A manticore skeleton (Crypt:3)
  13 crocodiles
  5 big kobolds
  An elf zombie (Crypt:3)
  31 bullfrogs
  A cyclops zombie (Crypt:1)
  A yaktaur skeleton (Crypt:1)
  23 earth elementals
  5 scorpions
  A wyvern skeleton (D:14)
  A yak zombie (Crypt:3)
  2 scorpions (shapeshifter)
  A warg skeleton (Crypt:3)
  11 killer bees
  12 wights
  An electric eel (Elf:3)
  6 jellies
  3 howler monkeys
  5 crimson imps
  A centaur zombie (D:9)
  2 bullfrog zombies
  10 lava snakes (Volcano)
  A wolf skeleton (Crypt:2)
  2 bullfrog skeletons
  4 hounds
  6 centaur skeletons
  32 orc priests
  Crazy Yiuf (D:6)
  An iron imp (Abyss:3)
  6 iguanas
  8 worker ants
  26 orc wizards
  A hell rat (Depths:4)
  An ogre zombie (D:9)
  An ogre skeleton (Crypt:2)
  A hound zombie (D:8)
  3 mummies (Tomb:1)
  7 gnolls
  A howler monkey skeleton (D:7)
  A steam dragon zombie (Crypt:3)
  14 adders
  3 shadow imps
  14 white imps
  4 ufetubi
  An ooze (D:2)
  An adder zombie (D:8)
  2 adder skeletons
  A worm (D:2)
  3 ball lightnings (Depths:3)
  3 dart slugs
  4 leopard geckos
  128 orcs
  5 bats
  A bat zombie (Crypt:2)
  3 giant cockroaches
  6 goblins
  4 hobgoblins
  5 jackals
  37 kobolds
  3 quokkas
  4 ball pythons
  A ball python skeleton (Crypt:2)
  A giant cockroach zombie (Crypt:2)
  A jackal skeleton (D:6)
  7 rats
  2 crawling corpses (Vaults:5)
  5 fungi
  13 plants
  8 tentacles
2729 creatures vanquished.

Vanquished Creatures (collateral kills)
  Xtahua (Vaults:2)
  Jorgrun (Spider:2)
  A deep elf master archer (Elf:3)
  Agnes (Elf:2)
  A vault warden (Vaults:5)
  An orc warlord (Orc:1)
  A deep elf elementalist (Elf:3)
  2 very ugly things (Vaults:5)
  A green draconian (Zot:2)
  2 purple draconians
  A red draconian (Zot:2)
  2 white draconians
  A yellow draconian (Zot:2)
  An ettin (Vaults:5)
  A merfolk impaler (Shoals:4)
  A fire dragon (Vaults:2)
  3 vault guards (Vaults:5)
  2 vampire magi (Crypt:2)
  A dancing weapon (Elf:3)
  A deep elf knight (Elf:3)
  A slime creature (Vaults:2)
  2 hell knights
  An orb spider (Spider:2)
  A wolf spider (Spider:2)
  A manticore (Shoals:4)
  A moth of wrath (Zot:1)
  A freezing wraith (Vaults:4)
  2 yaktaurs
  A troll (Orc:1)
  3 merfolk (Shoals:4)
  2 redbacks
  A vampire (Crypt:3)
  A fire elemental (Elf:3)
  2 orc warriors (Orc:1)
  An ogre (Vaults:5)
  A river rat zombie (Crypt:2)
48 creatures vanquished.

Vanquished Creatures (others)
  A deep elf master archer (Elf:3)
  A ghoul (Crypt:2)
  3 stone giants
  3 merfolk javelineers (Shoals:4)
  A vault guard (Vaults:5)
  3 dancing weapons
  A death drake (shapeshifter) (Depths:3)
  2 deep elf archers (Elf:1)
  A stone giant zombie (Vaults:5)
  A manticore (Shoals:4)
  A cyclops (Shoals:2)
  5 yaktaurs
  A red devil (Zot:5)
  A merfolk (Shoals:4)
  3 raiju (Depths:3)
  An air elemental (Depths:3)
  A redback (Spider:3)
  A water elemental (Elf:3)
  3 slaves
  A centaur (Vaults:1)
  A wight (D:8)
  An orc wizard (Orc:2)
  3 white imps (IceCv)
  3 ufetubi (IceCv)
  8 ball lightnings (Depths:3)
  An orc (D:13)
  13 fungi
  63 plants
  8 tentacles
  4 toadstools (D:1)
140 creatures vanquished.

Grand Total: 2917 creatures vanquished

Notes
Turn   | Place    | Note
-------+----------+-------------------------------------------
     0 | D:1      | seren the Deep Dwarf Fighter began the quest for the Orb.
     0 | D:1      | Reached XP level 1. HP: 20/20 MP: 1/1
   592 | D:1      | Reached XP level 2. HP: 20/27 MP: 2/2
   838 | D:2      | Reached XP level 3. HP: 13/33 MP: 3/3
   840 | D:2      | HP: 1/33 [gnoll/halberd (11)]
  1093 | D:2      | Reached XP level 4. HP: 33/40 MP: 4/4
  1242 | D:2      | Noticed Sigmund
  1322 | D:3      | Reached skill level 5 in Axes
  2009 | D:4      | Found Gychotzi's Food Shop.
  2055 | D:4      | Noticed an ogre
  2059 | D:4      | Killed an ogre
  2059 | D:4      | Reached XP level 5. HP: 34/46 MP: 5/5
  2189 | D:4      | Noticed an ogre
  2200 | D:5      | Entered Level 5 of the Dungeon
  2216 | D:5      | Reached XP level 6. HP: 39/55 MP: 6/6
  2444 | D:5      | Reached skill level 3 in Fighting
  2458 | D:5      | Reached XP level 7. HP: 18/62 MP: 7/7
  2758 | D:5      | Found a blossoming altar of Fedhas.
  2998 | D:5      | Reached skill level 4 in Fighting
  3255 | D:6      | Noticed Menkaure
  3321 | D:6      | Reached XP level 8. HP: 51/73 MP: 6/6
  3631 | D:7      | Found a stormy altar of Qazlal.
  3631 | D:7      | Found a glowing golden altar of the Shining One.
  3631 | D:7      | Found a hide-covered altar of Uskayaw.
  3636 | D:7      | Found a sacrificial altar of Ru.
  3638 | D:7      | Found a deep blue altar of Sif Muna.
  3638 | D:7      | Found a sparkling altar of Nemelex Xobeh.
  3638 | D:7      | Found an ancient bone altar of Kikubaaqudgha.
  3641 | D:7      | Found a shattered altar of Ashenzari.
  3700 | D:7      | Found a snail-covered altar of Cheibriados.
  3726 | D:7      | Found a staircase to the Ecumenical Temple.
  3736 | D:7      | Reached skill level 5 in Fighting
  3736 | D:7      | Reached skill level 10 in Axes
  3743 | Temple   | Entered the Ecumenical Temple
  3780 | Temple   | Became a worshipper of Makhleb the Destroyer
  3865 | D:7      | Found a shadowy altar of Dithmenos.
  4137 | D:7      | Noticed a hippogriff
  4285 | D:6      | Found a runed door.
  4537 | D:9      | Noticed a centaur warrior
  4542 | D:8      | Noticed Pikel
  4557 | D:8      | Noticed Joseph
  4574 | D:8      | Killed Joseph
  4574 | D:8      | Reached skill level 6 in Fighting
  4574 | D:8      | Gained mutation: You passively map the area around you. [Deep Dwarf growth]
  4574 | D:8      | Reached XP level 9. HP: 44/82 MP: 7/7
  4847 | D:8      | Killed Pikel
  4902 | D:8      | Found Jeapp's Distillery.
  4905 | D:8      | Bought a potion of berserk rage for 70 gold pieces
  4905 | D:8      | Bought a potion of heal wounds for 70 gold pieces
  4905 | D:8      | Bought a potion of curing for 42 gold pieces
  5025 | D:8      | Found a hazy altar of Hepliaklqana.
  5102 | D:8      | Reached skill level 5 in Armour
  5135 | D:8      | Reached skill level 5 in Shields
  5138 | D:8      | Reached * piety under Makhleb
  5298 | D:7      | Reached XP level 10. HP: 52/92 MP: 8/8
  5332 | D:7      | Found Yviunt's General Store.
  5352 | D:7      | Bought a scroll of enchant armour for 90 gold pieces
  5838 | D:6      | Killed Menkaure
  6079 | D:6      | Noticed Crazy Yiuf
  6084 | D:6      | Killed Crazy Yiuf
  7258 | D:9      | Reached ** piety under Makhleb
  7261 | D:9      | Found a blossoming altar of Fedhas.
  7296 | D:9      | Killed a centaur warrior
  7493 | D:10     | Entered Level 10 of the Dungeon
  7493 | D:10     | Found a portal to a secret trove of treasure.
  7943 | D:9      | Found a staircase to the Orcish Mines.
  8064 | Orc:1    | Entered Level 1 of the Orcish Mines
  8210 | D:9      | Reached *** piety under Makhleb
  8681 | D:10     | Reached XP level 11. HP: 72/98 MP: 9/9
  8920 | D:10     | Noticed a two-headed ogre
  8940 | D:10     | Killed a two-headed ogre
  9058 | D:10     | Noticed a two-headed ogre
  9073 | D:10     | Killed a two-headed ogre
  9073 | D:10     | Reached skill level 10 in Armour
  9073 | D:10     | Reached skill level 10 in Shields
  9409 | D:11     | Found a staircase to the Lair.
  9433 | D:11     | Reached skill level 1 in Dodging
  9462 | Lair:1   | Entered Level 1 of the Lair of Beasts
  9540 | D:11     | Reached **** piety under Makhleb
  9642 | D:11     | Noticed a two-headed ogre
  9649 | D:11     | Killed a two-headed ogre
 10110 | D:11     | Noticed a six-headed hydra
 10241 | D:7      | Bought a +1 pair of boots of flying for 198 gold pieces
 10241 | D:7      | Bought a scroll of remove curse for 36 gold pieces
 10481 | D:11     | Killed a six-headed hydra
 10481 | D:11     | Reached skill level 5 in Dodging
 10857 | Lair:1   | Reached skill level 1 in Invocations
 10950 | Lair:1   | Got a scorched chain mail
 10965 | Lair:1   | Identified the +8 chain mail of the Gardener {rF+} (You found it on level 1 of the Lair of Beasts)
 11037 | Lair:1   | Reached skill level 7 in Fighting
 11428 | Lair:2   | Noticed an eight-headed hydra
 11448 | Lair:2   | Reached XP level 12. HP: 110/110 MP: 13/13
 11609 | Lair:2   | Reached skill level 8 in Fighting
 11677 | Lair:2   | Found a dark tunnel.
 11703 | Volcano  | Entered a volcano
 11896 | Volcano  | Reached ***** piety under Makhleb
 11963 | Volcano  | Noticed a centaur warrior
 11976 | Volcano  | Killed a centaur warrior
 11976 | Volcano  | Reached skill level 9 in Fighting
 12041 | Volcano  | Found a burning altar of Makhleb.
 12315 | Lair:2   | Killed an eight-headed hydra
 12315 | Lair:2   | Reached skill level 10 in Fighting
 12491 | Lair:2   | Noticed Sonja
 12550 | Lair:2   | Killed Sonja
 12726 | Lair:2   | Found a staircase to the Shoals.
 12739 | Lair:2   | Noticed Fannar
 12818 | Lair:2   | Killed Fannar
 13832 | Lair:3   | Found a hole to the Spider Nest.
 13965 | Lair:3   | Noticed Gastronok
 13974 | Lair:3   | Killed Gastronok
 14189 | Lair:3   | Got a faintly glowing ring mail
 14200 | Lair:3   | Identified the cursed +0 ring mail of the Moon {Int+2 Dex-4 Stlth+} (You found it on level 3 of the Lair of Beasts)
 14272 | Lair:3   | Noticed a four-headed hydra
 14286 | Lair:3   | Killed a four-headed hydra
 14286 | Lair:3   | Reached XP level 13. HP: 92/123 MP: 14/14
 14638 | Lair:4   | Noticed Snorg
 14661 | Lair:4   | Killed Snorg
 14729 | Lair:4   | Reached skill level 15 in Axes
 15371 | Lair:5   | Found a staircase to the Slime Pits.
 15909 | Lair:5   | Reached skill level 5 in Invocations
 16211 | Lair:6   | Entered Level 6 of the Lair of Beasts
 16418 | Lair:6   | Noticed Josephine
 16434 | Lair:6   | Killed Josephine
 16638 | Lair:6   | Gained mutation: You resist negative energy. (rN+) [Deep Dwarf growth]
 16638 | Lair:6   | Reached XP level 14. HP: 125/132 MP: 16/16
 17380 | Lair:6   | Reached ****** piety under Makhleb
 17852 | Lair:6   | Identified the Guide on Enhancements and Confrontation
 18455 | Orc:1    | Noticed an orc warlord
 18943 | D:12     | Reached skill level 15 in Shields
 19872 | D:12     | Identified the Papyrus of Earthen Dark Arts
 19909 | D:12     | Learned a level 1 spell: Animate Skeleton
 21730 | Orc:1    | Reached XP level 15. HP: 118/140 MP: 19/19
 21769 | Orc:1    | Killed an orc warlord
 21833 | Orc:1    | Found Ymirchasm's Gadget Emporium.
 22211 | Orc:2    | Entered Level 2 of the Orcish Mines
 22232 | Orc:2    | Found a roughly hewn altar of Beogh.
 22290 | Orc:2    | Reached skill level 10 in Invocations
 22425 | Orc:2    | Found a roughly hewn altar of Beogh.
 22451 | Orc:2    | Found Nodghimy's Distillery.
 22459 | Orc:2    | Bought a potion of heal wounds for 70 gold pieces
 22668 | Orc:2    | Reached skill level 11 in Fighting
 22723 | Orc:2    | Found a roughly hewn altar of Beogh.
 22761 | Orc:2    | Noticed Azrael
 22823 | Orc:2    | Killed Azrael
 22888 | Orc:2    | Found a staircase to the Elven Halls.
 22955 | Orc:2    | Found a roughly hewn altar of Beogh.
 22956 | Orc:2    | Found Taororr's Distillery.
 23067 | Orc:2    | Found a roughly hewn altar of Beogh.
 23188 | Orc:2    | Found Biacrierr's Antique Armour Emporium.
 23426 | Orc:2    | Noticed an orc warlord
 23439 | Orc:2    | Killed an orc warlord
 23511 | Orc:2    | Found Lali's Antique Weapon Boutique.
 23512 | Orc:2    | Found a roughly hewn altar of Beogh.
 23525 | Orc:2    | Found Ujaomiocs's Antique Armour Shop.
 23920 | Lair:6   | Upgraded the game from 0.20-a0-556-g892c87b to 0.20-a0-613-g92415a4
 23986 | Shoals:1 | Entered Level 1 of the Shoals
 24566 | Shoals:1 | Noticed Donald
 24581 | Shoals:1 | Killed Donald
 24732 | Shoals:2 | Reached skill level 1 in Crossbows
 25160 | Shoals:2 | Noticed prestonbroadus's ghost (adept OpVM)
 25212 | Shoals:2 | Killed prestonbroadus's ghost
 25212 | Shoals:2 | Reached skill level 5 in Crossbows
 25241 | Shoals:2 | Noticed a kraken
 25250 | Shoals:2 | Killed a kraken
 25305 | Shoals:2 | Noticed a frost giant
 25325 | Shoals:2 | Killed a frost giant
 25325 | Shoals:2 | Reached XP level 16. HP: 137/150 MP: 21/21
 25655 | Shoals:2 | Got a steaming war axe
 25656 | Shoals:2 | Identified the +5 war axe "X" {protect, rF+} (You found it on level 2 of the Shoals)
 25730 | Shoals:2 | Noticed a kraken
 25747 | Shoals:2 | Killed a kraken
 25961 | Shoals:4 | Entered Level 4 of the Shoals
 26745 | Orc:1    | Reached skill level 10 in Crossbows
 27067 | D:14     | Found a basalt altar of Yredelemnul.
 27156 | D:15     | Entered Level 15 of the Dungeon
 27320 | D:14     | Found a gate to the Vaults.
 27947 | Shoals:4 | Got a faintly glowing chain mail
 27965 | Shoals:3 | Reached skill level 12 in Fighting
 28008 | Shoals:3 | Identified the cursed +1 chain mail "Yzilut" {Int+5 Dex+5} (You found it on level 4 of the Shoals)
 28275 | Shoals:4 | Noticed Ilsuiw
 28783 | Shoals:4 | Reached skill level 13 in Fighting
 29660 | Spider:1 | Entered Level 1 of the Spider Nest
 29660 | Spider:1 | Noticed Aizul
 30273 | Shoals:4 | Reached XP level 17. HP: 114/164 MP: 23/23
 30785 | Shoals:4 | Got a barnacled rune of Zot
 31043 | Shoals:1 | Reached skill level 14 in Fighting
 31413 | Lair:3   | Killed Aizul
 32252 | Spider:1 | Identified a scroll of acquirement
 32644 | Spider:2 | Noticed Jorgrun
 32655 | Spider:2 | Killed Jorgrun
 33792 | D:9      | Noticed Erolcha
 33805 | D:9      | Killed Erolcha
 33864 | D:9      | Identified a +1 pair of boots of running (You found it on level 9 of the Dungeon)
 34385 | Spider:3 | Reached skill level 15 in Fighting
 34440 | Spider:3 | Reached skill level 1 in Evocations
 34927 | Spider:3 | Reached skill level 5 in Evocations
 34927 | Spider:3 | Gained mutation: You passively map a large area around you. [Deep Dwarf growth]
 34927 | Spider:3 | Reached XP level 18. HP: 174/178 MP: 26/26
 35048 | Spider:4 | Entered Level 4 of the Spider Nest
 35995 | Spider:4 | Reached skill level 10 in Evocations
 37461 | Spider:4 | Got a gossamer rune of Zot
 37807 | Orc:2    | Bought a potion of curing for 42 gold pieces
 37807 | Orc:2    | Bought a potion of curing for 42 gold pieces
 37855 | Orc:2    | Bought a potion of curing for 54 gold pieces
 37855 | Orc:2    | Bought a potion of curing for 54 gold pieces
 37855 | Orc:2    | Bought a potion of curing for 54 gold pieces
 38513 | D:15     | Got a pitted dagger {antimagic}
 38533 | D:15     | Identified the cursed +1 dagger "Gofarghext" {antimagic, +Fly rElec Int+2} (You took it off a yaktaur on level 15 of the Dungeon)
 38815 | D:15     | Found a staircase to the Depths.
 39919 | Depths:1 | Entered Level 1 of the Depths
 39990 | D:14     | Reached skill level 10 in Dodging
 40059 | Vaults:1 | Entered Level 1 of the Vaults
 40580 | Vaults:2 | Got a glittering copper ring
 40587 | Vaults:2 | Identified the ring "Cuchix" {rElec MP+9} (You found it on level 2 of the Vaults)
 41443 | Vaults:1 | Reached XP level 19. HP: 186/186 MP: 27/27
 41714 | Vaults:1 | Got a polished leather armour
 41725 | Vaults:1 | Identified the +0 leather armour of Restlessness {rN++} (You found it on level 1 of the Vaults)
 41761 | Vaults:1 | Got a fine silver ring
 41763 | Vaults:1 | Identified the ring "Qeifu" {*Tele rPois rF+ rN++ Str+3 Slay-4} (You found it on level 1 of the Vaults)
 42070 | Vaults:2 | Noticed Nikola
 42090 | Vaults:2 | Killed Nikola
 42159 | Vaults:2 | Noticed Boris
 42464 | Vaults:2 | Noticed Xtahua
 42512 | Vaults:2 | Killed Xtahua
 42706 | Vaults:2 | Found Cebaud's Antique Armour Emporium.
 42720 | Vaults:2 | Bought a distressingly furry ring mail for 369 gold pieces
 42730 | Vaults:2 | Identified the cursed +1 ring mail of Context {rElec rF+} (You bought it in a shop on level 2 of the Vaults)
 42753 | Vaults:2 | Learned a level 3 spell: Vampiric Draining
 43166 | Vaults:2 | Killed Boris
 44239 | Vaults:2 | Reached skill level 16 in Fighting
 44527 | Vaults:3 | Found a staircase to the Crypt.
 45209 | Vaults:3 | Reached XP level 20. HP: 199/199 MP: 9/28
 45924 | Vaults:4 | Reached skill level 17 in Fighting
 46245 | Vaults:4 | Noticed Margery
 46443 | Vaults:4 | Killed Margery
 46492 | Vaults:4 | Reached skill level 18 in Fighting
 47500 | Vaults:4 | Reached skill level 15 in Invocations
 48064 | Vaults:4 | Got a pitted amber ring
 48296 | Lair:1   | Identified the ring of Uskayaw's Supremacy {-Tele rF+ MR++ Int-3 Dex+8} (You took it off an ironheart preserver on level 4 of the Vaults)
 48473 | Elf:1    | Entered Level 1 of the Elven Halls
 48640 | Elf:1    | Found a frozen archway.
 48656 | IceCv    | Entered an ice cave
 48659 | IceCv    | Noticed kidcy's ghost (novice DsMo)
 48669 | IceCv    | Killed kidcy's ghost
 49957 | Elf:1    | Reached XP level 21. HP: 152/212 MP: 28/28
 50150 | Elf:2    | Noticed Louise
 50214 | Elf:3    | Entered Level 3 of the Elven Halls
 50585 | Elf:2    | Noticed Agnes
 50653 | Elf:2    | Found a runed gate.
 50653 | Elf:2    | Found a runed gate.
 50653 | Elf:2    | Found a runed gate.
 50776 | Elf:2    | Killed Agnes
 51270 | Elf:2    | Killed Louise
 53116 | Elf:3    | Noticed Asterion
 53126 | Elf:3    | Killed Asterion
 54113 | Elf:3    | Reached XP level 22. HP: 220/220 MP: 27/27
 54122 | Elf:3    | Upgraded the game from 0.20-a0-613-g92415a4 to 0.20-a0-622-g01f5896
 54711 | Crypt:1  | Entered Level 1 of the Crypt
 54857 | Crypt:2  | Noticed Bai Suzhen
 54959 | Crypt:1  | Noticed Saint Roka
 55002 | Crypt:1  | Killed Saint Roka
 55043 | Crypt:1  | Got a crude plate armour
 55119 | Vaults:3 | Identified the +6 plate armour of Monotheism {rElec} (You found it on level 1 of the Crypt)
 55801 | Crypt:3  | Entered Level 3 of the Crypt
 56204 | Crypt:2  | Got a crude plate armour
 56261 | Crypt:1  | Identified the +11 plate armour "Wuxko" {Dex+4} (You found it on level 2 of the Crypt)
 56582 | Crypt:2  | Got a dazzling dagger
 56598 | Crypt:2  | Identified the +9 dagger of Dim Light {freeze, -Tele rElec Dex+2} (You found it on level 2 of the Crypt)
 56639 | Crypt:2  | Found a corrupted altar of Lugonu.
 56651 | Crypt:2  | Found a one-way gate to the infinite horrors of the Abyss.
 56939 | Crypt:2  | Killed Bai Suzhen
 57049 | Crypt:2  | Reached skill level 19 in Fighting
 57606 | Crypt:3  | Found an ancient bone altar of Kikubaaqudgha.
 57707 | Crypt:3  | Found a staircase to the Tomb.
 58138 | Crypt:3  | Noticed an ancient lich
 58164 | Crypt:3  | Killed an ancient lich
 58359 | Crypt:3  | Noticed ololoev's ghost (legendary HaFE)
 58591 | Crypt:3  | Reached XP level 23. HP: 235/235 MP: 28/28
 58619 | Crypt:3  | Reached skill level 20 in Fighting
 58732 | Crypt:3  | Noticed a curse toe
 58888 | Crypt:3  | Found an ancient bone altar of Kikubaaqudgha.
 58891 | Crypt:3  | Found a basalt altar of Yredelemnul.
 59405 | Depths:1 | Found a gateway to Hell.
 59446 | Depths:1 | Found Pufeihad's Weapon Shoppe.
 59874 | Depths:1 | Found a sparkling altar of Nemelex Xobeh.
 59981 | Depths:2 | Noticed Mara
 59987 | Depths:2 | Noticed seren's illusion
 59996 | Depths:2 | Killed Mara
 60463 | Depths:2 | Got a scorched quarterstaff
 60464 | Depths:2 | Identified the +10 quarterstaff of Optok {crush, rF+ rC+ Dex-2} (You found it on level 2 of the Depths)
 60476 | Depths:2 | Found a gateway to a ziggurat.
 60476 | Depths:2 | Noticed an ancient lich
 60864 | Depths:2 | Reached skill level 15 in Armour
 61414 | Depths:3 | Got a shimmering amber ring
 61416 | Depths:3 | Identified the ring of the Eight Curses {Wiz Str+4 Int+3} (You found it on level 3 of the Depths)
 61473 | Depths:4 | Found a runed gate.
 61473 | Depths:4 | Found a runed gate.
 61473 | Depths:4 | Found a runed gate.
 62004 | Depths:3 | Reached skill level 15 in Dodging
 62137 | Depths:3 | Reached XP level 24. HP: 181/244 MP: 28/28
 62318 | Depths:3 | Cast into level 3 of the Abyss (glaive of distortion)
 62472 | Abyss:3  | Found a corrupted altar of Lugonu.
 62552 | Abyss:3  | Found a corrupted altar of Lugonu.
 63069 | Depths:3 | Escaped the Abyss
 63085 | Depths:3 | Reached skill level 15 in Evocations
 63567 | Depths:3 | Found a one-way gate leading to the halls of Pandemonium.
 64822 | Depths:4 | Got a slimy glass ring
 64823 | Depths:4 | Identified the Volume of Air and the Snowflakes
 64830 | Depths:4 | Identified the ring "Ticzanul" {Ice -Tele rPois rN+ Str+4 Stlth+} (You found it on level 4 of the Depths)
 65485 | Depths:4 | Got a bloodstained shield
 65499 | Depths:4 | Identified the +5 shield "Holuukku" {rElec} (You found it on level 4 of the Depths)
 65863 | Crypt:3  | Got a coiled jade amulet
 65907 | Crypt:3  | Killed ololoev's ghost
 65925 | Crypt:3  | Identified the amulet "Yvusk" {+Inv Regen+ Str+7 Dex-3} (You took it off a vampire on level 3 of the Crypt)
 66294 | Depths:4 | Got a transparent scale mail
 66305 | Depths:4 | Identified the cursed +0 scale mail of the Evening {rF+ Stlth+} (You found it on level 4 of the Depths)
 66344 | Depths:5 | Entered Level 5 of the Depths
 66370 | Depths:5 | Noticed a juggernaut
 66647 | Depths:5 | Killed a juggernaut
 67094 | Depths:5 | Reached XP level 25. HP: 254/254 MP: 29/29
 67370 | Depths:5 | Noticed Boris
 67408 | Depths:5 | Killed Boris
 67847 | Depths:5 | Found a gate to the Realm of Zot.
 67859 | Depths:5 | Found a stormy altar of Qazlal.
 67900 | Depths:5 | Got a bloodstained triple sword
 67906 | Depths:5 | Identified the cursed +0 triple sword "Killer Klown's Doom" {slice, rPois MR+ Str-3} (You found it on level 5 of the Depths)
 67910 | Depths:5 | Got a polished broad axe
 67911 | Depths:5 | Identified the +11 broad axe of the Silent Majority {pain, MP+9} (You found it on level 5 of the Depths)
 68732 | Vaults:5 | Entered Level 5 of the Vaults
 68771 | Vaults:5 | Reached skill level 21 in Fighting
 68959 | Vaults:5 | Reached skill level 22 in Fighting
 69006 | Vaults:5 | Reached skill level 1 in Necromancy
 69062 | Vaults:5 | Reached skill level 5 in Necromancy
 69464 | Vaults:5 | Reached XP level 26. HP: 189/267 MP: 29/29
 69560 | Vaults:5 | Got a faintly glowing whip {antimagic}
 69561 | Vaults:5 | Identified the cursed +1 whip of the Lettuce {antimagic, +Fly rF- Int+2} (You took it off a vault guard on level 5 of the Vaults)
 69583 | Vaults:5 | Reached skill level 10 in Necromancy
 69613 | Vaults:5 | Got a silver rune of Zot
 69803 | Vaults:5 | Identified a +2 pair of boots of running (You found it on level 5 of the Vaults)
 69922 | Vaults:5 | Got a clouded golden amulet
 70077 | Vaults:5 | Got a clouded pewter ring
 70087 | Vaults:5 | Noticed an ancient lich
 70103 | Vaults:5 | Killed an ancient lich
 70348 | Vaults:5 | Reached skill level 23 in Fighting
 71069 | Lair:1   | Learned a level 4 spell: Animate Dead
 71075 | Lair:1   | Learned a level 5 spell: Agony
 71080 | Lair:1   | Identified the amulet of Ipneir {Reflect +Fly Str+4 SH+3} (You took it off a vault guard on level 5 of the Vaults)
 71089 | Lair:1   | Identified the ring of Heky {+Fly SInv Stlth-} (You took it off a vault guard on level 5 of the Vaults)
 71765 | D:2      | Killed Sigmund
 72180 | Shoals:4 | Identified the Incunabulum of Bewitchment and Intoxication
 72420 | Shoals:4 | Killed Ilsuiw
 72890 | Crypt:3  | Got a coiled turquoise ring
 72893 | Crypt:3  | Identified the ring of the Queen {rPois rN+} (You took it off a vampire mage on level 3 of the Crypt)
 72900 | Crypt:3  | Got a bound lapis lazuli ring
 72999 | Crypt:3  | Got a polished scythe
 73000 | Crypt:3  | Identified the +10 scythe of Judgement {freeze, rF++ rC- MR+} (You found it on level 3 of the Crypt)
 73021 | Crypt:3  | Got a pair of heavily runed boots
 73032 | Crypt:3  | Identified the +0 pair of boots of Proximity {Int+3 Dex+3} (You acquired it on level 3 of the Crypt)
 73228 | Tomb:1   | Entered Level 1 of the Tomb of the Ancients
 73738 | Tomb:1   | Noticed a greater mummy
 73789 | Tomb:1   | Killed a greater mummy
 74473 | Zot:1    | Entered Level 1 of the Realm of Zot
 74485 | Zot:1    | Reached skill level 1 in Spellcasting
 74770 | Zot:1    | Reached skill level 5 in Spellcasting
 75012 | Zot:2    | Reached XP level 27. HP: 270/282 MP: 29/29
 75267 | Zot:3    | Reached skill level 15 in Necromancy
 75368 | Zot:3    | Found a basalt altar of Yredelemnul.
 76075 | Zot:5    | Entered Level 5 of the Realm of Zot
 77002 | Orc:2    | Bought a potion of haste for 180 gold pieces
 77002 | Orc:2    | Bought a potion of heal wounds for 90 gold pieces
 77002 | Orc:2    | Bought a potion of heal wounds for 90 gold pieces
 77049 | Orc:2    | Bought a potion of haste for 140 gold pieces
 77199 | D:7      | Bought a scroll of identify for 24 gold pieces
 77203 | D:7      | Identified the ring "Ceruofame" {rElec rN+ Int-5 SInv} (You took it off a vampire on level 3 of the Crypt)
 78640 | Zot:5    | Noticed an ancient lich
 78657 | Zot:5    | Killed an ancient lich
 78668 | Zot:5    | Noticed an orb of fire
 78677 | Zot:5    | Noticed an ancient lich
 78686 | Zot:5    | Killed an ancient lich
 78857 | Zot:5    | Noticed an ancient lich
 78890 | Zot:5    | Killed an ancient lich
 79020 | Zot:5    | Gained mutation: Armour fits poorly on your strangely shaped body. [an orb of fire]
 79022 | Zot:5    | Killed an orb of fire
 79113 | Zot:5    | Got the Orb of Zot
 79171 | Zot:5    | Noticed an orb of fire
 79174 | Zot:5    | Noticed an orb of fire
 79176 | Zot:5    | Gained mutation: Scrolls take you a little longer to read. [an orb of fire]
 79178 | Zot:5    | Gained mutation: You are clumsy. (Dex -2) [an orb of fire]
 79223 | Zot:5    | Killed an orb of fire
 79224 | Zot:5    | Gained mutation: You are dopey. (Int -2) [an orb of fire]
 79227 | Zot:5    | Gained mutation: You have sharp toenails. [an orb of fire]
 79263 | Zot:5    | Gained mutation: You tend to lose your temper in combat. [an orb of fire]
 79266 | Zot:5    | Gained mutation: You expend magic power (3 MP) to strengthen your wands. [an orb of fire]
 79267 | Zot:5    | Killed an orb of fire
 79286 | Zot:5    | Noticed an orb of fire
 79286 | Zot:5    | Noticed an ancient lich
 79289 | Zot:5    | Gained mutation: You are very clumsy. (Dex -4) [an orb of fire]
 79297 | Zot:4    | Gained mutation: Your magical capacity is low. (-10% MP) [an orb of fire]
 79322 | Zot:4    | Killed an orb of fire
 79354 | Zot:3    | Noticed Sarivvyu the pandemonium lord
 79385 | Zot:3    | HP: 11/282 [Sarivvyu the pandemonium lord (31)]
 79386 | Zot:3    | Mangled by Sarivvyu the pandemonium lord

Vault maps used:
D:1:      ldierk_water_garden
D:2:      grunt_ministairs_3, uniq_sigmund
D:3:      kennysheep_generic_room_5
D:4:      serial_shops, shop
D:5:      first_bread, serial_co_window_serial, co_window_corner_a,
          co_window_cross_1, co_window_of_opportunity_a, co_window_corner_a,
          co_window_corner_a, co_window_corner_b, co_window_broadway_a,
          co_window_unsneaky_path_e, glass_columns_a, fedhas_altar_2
D:6:      uniq_crazy_yiuf_cottage, uniq_menkaure
D:7:      nicolae_overflow_crystal_walls, grunt_temple_overflow_open,
          nicolae_dithmenos_the_darkroom, minmay_temple_entry_overgrown,
          minmay_shop_grid_forest
D:8:      marbit_many_paths, serial_shops, kennysheep_mini_moat, uniq_pikel,
          uniq_joseph
D:9:      lemuel_ogre_cave, overflow_temple_1_default, erik_orc_1
D:10:     enter_trove_2, stair_cage_line
D:11:     lair_entry_dummy, grunt_ogre_cave
D:12:     hangedman_cross_cluster, hangedman_cracks_in_the_wall
D:14:     david_vaults_4, minivault_10, lemuel_statue_altar
D:15:     grunt_enter_depths_hoard
Temple:   jpeg_temple_island
Lair:2:   elwin_shoals_entry_stream, enter_volcano_1,
          cheibrodos_lair_reptile_den, grunt_megastairs_2, lemuel_fruit_tree,
          uniq_sonja, uniq_fannar
Lair:3:   spider_nest_entry_rubble, grunt_megastairs_4, uniq_gastronok
Lair:4:   uniq_snorg
Lair:5:   minmay_slime_entry_eyes
Lair:6:   minmay_lair_end_frog_pond, st_stairs_3, uniq_josephine
Shoals:1: nicolae_shoals_this_corrosion, uniq_donald
Shoals:2: st_shoals_ruin
Shoals:3: nicolae_shoals_loop_pool
Shoals:4: shoals_end_grunt_ice, shoals_ilsuiw_ice
Spider:1: uniq_aizul
Spider:2: nicolae_spider_mines_1, uniq_jorgrun
Spider:4: spider_rune_water, nicolae_orb_island
Orc:1:    serial_shops, nicolae_shop_temple_entry_statues_fountains
Orc:2:    grunt_orc_community_town_hall, grunt_orc_community_big_house_1,
          grunt_orc_community_big_house_2, grunt_orc_community_house_3,
          grunt_orc_community_house_2, grunt_orc_community_house_1,
          grunt_orc_community_house_3, serial_shops, nicolae_shop_statue_plus,
          uniq_azrael
Elf:1:    eino_elf_arrival_the_gate, portal_ice_cave_entry_pillars_three,
          evilmike_minifort
Elf:2:    uniq_agnes, uniq_louise
Elf:3:    minmay_elf_hall, uniq_asterion
Vaults:1: v_misc_25, vaults_mumra_chevron_long, v_pattern_2, vaults_room_boxed,
          vaults_mumra_hexcomb, vaults_dpeg_spiral, ontoclasm_vaults_misaligned,
          nicolae_vaults_network_square
Vaults:2: nicolae_vaults_mini_display_case, v_pattern_1, hangedman_vaults_locks,
          nicolae_vaults_little_squares_1, nicolae_vaults_asterisk,
          grunt_vaults_swirl, hangedman_vaults_hat, v_misc_8,
          nicolae_vaults_stairing_the_circle, nicolae_vaults_angled_halls,
          vaults_room_stairs_pillars, grunt_vaults_hallway_short,
          ontoclasm_vaults_loading_screen, vaults_dpeg_ring, serial_shops,
          nicolae_shop_window_shopping, uniq_nikola, uniq_xtahua, uniq_boris
Vaults:3: nicolae_vaults_little_squares_2, kb_rosetta, ontoclasm_vaults_eye,
          serial_ice_m, nicolae_vaults_angled_halls, vaults_mumra_lcd,
          hangedman_vaults_nails, minmay_crypt_entry_simple_corners, v_misc_8
Vaults:4: st_spiral_rooms, ontoclasm_vaults_ring_small, v_misc_33,
          ontoclasm_vaults_decontamination, ontoclasm_vaults_chip,
          vaults_room_grunt_arrival_ludios, v_misc_17, v_misc_5, v_misc_17,
          nicolae_vaults_inception_corners, nicolae_vaults_circle_grid_a,
          v_misc_15, nicolae_vaults_sealed_display, serial_ice_g, uniq_margery
Crypt:1:  uniq_saint_roka
Crypt:2:  due_chaos_kobolds, lemuel_elevator, uniq_bai_suzhen
Crypt:3:  lightli_unholy_cathedral, tomb_entry_shell_bobbens, basic_altar,
          minmay_misc_feat_pillars, weyrava_lich_vault
Depths:1: serial_shops, shop, serial_bayou_pond_e, hell_entry,
          infiniplex_enter_wizlab_water, nemelex_diamond_rough_becter
Depths:2: cheibrodos_tormentor_scu, enter_ziggurat_c, minmay_misc_feat_x,
          abyss_entry, hangedman_coc_ice_floe, minmay_staircase_windowed_small,
          basic_stair_grate_trap, uniq_mara
Depths:3: radiant_caverns_a_rkd, pan_entry, hell_entry
Depths:4: grunt_arcs, pan_entry, hangedman_decor_diamond_cutter,
          nicolae_abyss_entry_one_way_or_another, hangedman_tar_grid_catacomb,
          pandoras_box_mu
Depths:5: regret_index_qazlal_generations, special_room, grunt_mini_vestibule,
          uniq_boris
Zot:1:    grunt_megastairs_3
Zot:3:    kennysheep_ambush_hall, basic_altar
Zot:4:    lemuel_draconian_sentries_small, grunt_megastairs_5
Abyss:3:  evilmike_abyss_rune_siren_acolytes, evilmike_abyss_exit_smiterflies
IceCv:    ice_cave_small_demon
Volcano:  volcano_grotto

Skill      XL: |  1  2  3  4  5  6  7  8  9 10 11 12 13 14 15 16 17 18 19 20 21 22 23 24 25 26 27 |
---------------+----------------------------------------------------------------------------------+-----
Axes           | 3 4 6 7 9 11 12 14 16 18 20 21 22 | 22.8
Fighting       | 3 4 6 7 10 11 13 15 16 18 19 20 22 23 | 23.0
Armour         | 6 9 10 11 12 15 19 21 | 21.0
Shields        | 6 9 10 12 15 | 15.6
Dodging        | 7 10 12 15 | 15.2
Invocations    | 4 6 9 10 11 14 15 16 | 16.0
Crossbows      | 7 10 12 14 | 14.0
Evocations     | 5 10 14 15 22 | 22.7
Necromancy     | 8 13 16 | 16.1
Spellcasting   | 7 |  7.4

Action                   |  1- 3 |  4- 6 |  7- 9 | 10-12 | 13-15 | 16-18 | 19-21 | 22-24 | 25-27 || total
-------------------------+-------+-------+-------+-------+-------+-------+-------+-------+-------++-------
Melee: War axe           |    88 |   127 |   218 |   842 |  1235 |    26 |   308 |   732 |   417 ||  3993
       Whip              |       |       |       |    36 |       |       |       |       |       ||    36
       Flail             |       |       |       |       |    34 |       |       |       |       ||    34
       Scimitar          |       |       |       |       |    78 |       |       |       |       ||    78
       Broad axe         |       |       |       |       |   472 |  2030 |  1729 |  2078 |  1477 ||  7786
 Fire: Hand crossbow     |       |       |       |       |     2 |   251 |    97 |    17 |       ||   367
Throw: Tomahawk          |       |     2 |       |       |       |     2 |       |       |       ||     4
       Throwing net      |       |       |       |       |       |       |       |       |     1 ||     1
 Cast: Animate Skeleton  |       |       |       |       |       |       |       |       |    70 ||    70
       Vampiric Draining |       |       |       |       |       |       |       |       |    12 ||    12
       Animate Dead      |       |       |       |       |       |       |       |       |     2 ||     2
Invok: Lesser Servant of |       |       |       |       |     1 |     4 |       |       |       ||     5
       Greater Servant o |       |       |       |       |     1 |     2 |     9 |     4 |     2 ||    18
 Abil: Heal Wounds       |     1 |     2 |    11 |     1 |       |     5 |    10 |       |     9 ||    39
       Evoke Flight      |       |       |       |       |       |     1 |       |       |     1 ||     2
       Stop Flying       |       |       |       |       |       |     1 |       |       |       ||     1
Evoke: Wand              |       |       |       |       |       |     3 |       |       |     7 ||    10
       Lamp of fire      |       |       |       |       |       |       |       |     2 |     1 ||     3
       Lightning rod     |       |       |       |       |       |       |       |     1 |       ||     1
  Use: Potion            |       |     1 |       |     5 |     5 |    13 |     7 |     8 |    13 ||    52
       Scroll            |       |     8 |    10 |    12 |    13 |    14 |    17 |    12 |    16 ||   102
 Stab: Confused          |       |       |       |     1 |       |       |     1 |       |     2 ||     4
       Held in net/web   |       |       |       |     1 |       |       |       |       |       ||     1
       Distracted        |       |       |       |       |       |     2 |     9 |     2 |     8 ||    21
       Paralysed         |       |       |       |       |       |       |       |     3 |       ||     3
  Eat: Chunk             |     1 |     4 |     7 |    21 |    41 |    34 |    38 |    21 |    23 ||   190
       Royal jelly       |       |       |     1 |     2 |       |     1 |       |     4 |     5 ||    13
       Fruit             |       |       |       |     1 |       |     3 |     2 |     2 |     2 ||    10
       Bread ration      |       |       |       |     1 |       |     3 |       |     3 |     2 ||     9
       Meat ration       |       |       |       |       |       |       |       |       |     1 ||     1
Armor: Scale mail        |    51 |    37 |       |       |       |       |       |       |       ||    88
       Chain mail        |       |     8 |    83 |   374 |   707 |   915 |   519 |    61 |       ||  2667
       Plate armour      |       |       |       |       |       |       |       |   657 |   171 ||   828
       Crystal plate arm |       |       |       |       |       |       |       |       |   440 ||   440
Dodge: Dodged            |    31 |    29 |    40 |   244 |   538 |   738 |   574 |   763 |   594 ||  3551
Block: Shield            |    58 |    56 |   113 |   564 |  1085 |  1297 |  1041 |  1967 |  1631 ||  7812
       Reflection        |       |       |       |       |    14 |    98 |   131 |    35 |    51 ||   329
       Rpst.: Scimitar   |       |       |       |       |     7 |       |       |       |       ||     7
